Condors vs Royaux
Created - March 9, 2021 at 21:29
Goals
|
| Condors |
0 |
6 |
1 |
7 |
| Royaux |
2 |
1 |
1 |
4 |
|
Shots
|
| Condors |
6 |
13 |
8 |
27 |
| Royaux |
17 |
12 |
5 |
34 |
|
1st period
1. Royaux , Simon Despres 2 (Sonny Milano 13, Danny Kristo 15) at 13:57
2. Royaux , Dylan Larkin 39 (Brandon Pirri 26, Pavel Buchnevich 5) at 18:39
Penalties :
Mark Jankowski (Bak) for Interference (Minor) at 14:56
2nd period
3. Condors , Daniel Zaar 25 (Louis Leblanc 12) at 2:52
4. Condors , Tyler Bozak 31 (Anton Slepyshev 39, Chris Bigras 17) at 3:38
5. Condors , Alex Tuch 17 (Unassisted) at 6:15
6. Condors , Mark Jankowski 13 (Zac Leslie 22, Nail Yakupov 28) at 8:28
7. Royaux , Rourke Chartier 5 (Brendan Woods 13) at 15:56
8. Condors , Alex Tuch 18 (Mark Jankowski 24, Nail Yakupov 29) at 16:18
9. Condors , Nail Yakupov 50 (Alex Tuch 29, Mark Jankowski 25) at 18:41
Penalties :
Zac Leslie (Bak) for Hooking (Minor) at 9:25, Connor Hurley (Bak) for Hooking (Minor) at 13:37, Travis Sanheim (Cap) for Hooking (Minor) at 18:56
3rd period
10. Royaux , Rourke Chartier 6 (Danny Kristo 16, Sonny Milano 14) at 4:01
11. Condors , Mark Jankowski 14 (Nail Yakupov 30) at 5:55 (SH)
Penalties :
Brett Lernout (Bak) for Tripping (Minor) at 5:44, Sonny Milano (Cap) for High sticking (Minor) at 14:50, Brandon Pirri (Cap) for Interference (Minor) at 17:43
Goalie Stats
Ilya Samsonov (Bak), 30 saves from 34 shots - (0.882), W, 9-12-2, 60:00 minutes
Olivier Roy (Cap), 10 saves from 13 shots - (0.769), L, 18-10-3, 31:32 minutes
Igor Shesterkin (Cap), 10 saves from 14 shots - (0.714), 28:28 minutes
Players Stats for Condors
Player Name G A P +/- PIM S H SB GA TA FO MP PP MP PK MP
------------------------------------------------------------------------------------
Alex Tuch 2 1 3 3 0 2 4 0 0 0 0/0 15:56 3:12 0:00
Andrew Mangiapane 0 0 0 1 0 1 0 0 0 0 0/1 10:26 0:00 1:37
Anton Slepyshev 0 1 1 -2 0 1 1 1 2 0 1/2 18:33 2:45 0:00
Brett Lernout 0 0 0 3 2 0 0 0 0 0 0/0 8:30 0:00 0:00
C.J Suess 0 0 0 -1 0 0 1 0 0 0 0/0 7:56 0:00 0:00
Carl Gunnarsson 0 0 0 -1 0 1 2 2 0 1 0/0 22:59 3:13 3:30
Chris Bigras 0 1 1 3 0 0 0 0 0 1 0/0 16:00 2:44 3:30
Connor Hurley 0 0 0 -1 2 0 0 0 0 0 0/6 8:05 0:00 0:00
Daniel Zaar 1 0 1 1 0 6 1 0 0 0 1/1 12:04 0:00 3:15
Eric Gustafsson 0 0 0 0 0 0 0 0 0 0 0/0 24:46 2:44 4:26
Erik Cernak 0 0 0 -2 0 0 0 1 0 0 0/0 6:43 0:00 0:00
Gustav Olofsson 0 0 0 -2 0 0 0 1 0 0 0/0 6:43 0:00 0:00
Kasperi Kapanen 0 0 0 -2 0 2 2 0 2 0 1/1 18:33 2:45 0:00
Louis Leblanc 0 1 1 1 0 2 1 2 0 1 6/10 12:02 0:03 3:01
Mark Jankowski 2 2 4 5 2 2 0 0 0 0 16/27 19:31 2:45 3:23
Mikko Lehtonen 0 0 0 -1 0 2 2 1 2 0 0/0 7:56 0:00 0:00
Nail Yakupov 1 3 4 5 0 3 1 1 1 2 1/1 21:19 3:09 4:36
Olli Maatta 0 0 0 3 0 2 0 0 0 3 0/0 18:18 0:00 4:26
Tyler Bozak 1 0 1 -2 0 2 1 1 0 0 8/19 19:01 3:12 0:00
Zac Leslie 0 1 1 2 2 1 0 0 0 0 0/0 16:38 3:13 0:00
Players Stats for Royaux
Player Name G A P +/- PIM S H SB GA TA FO MP PP MP PK MP
------------------------------------------------------------------------------------
Adam Gaudette 0 0 0 -3 0 1 1 1 2 0 11/20 17:39 3:50 1:01
Ben Hanowski 0 0 0 -2 0 3 2 1 1 0 0/0 18:18 3:01 1:09
Brandon Pirri 0 1 1 -2 2 0 4 1 0 0 0/2 21:12 3:39 1:01
Brendan Woods 0 1 1 2 0 0 1 0 0 0 1/1 11:11 0:00 3:18
Danny Kristo 0 2 2 0 0 0 0 0 0 1 3/4 12:28 0:00 3:17
Dylan Larkin 1 0 1 -2 0 7 2 0 1 0 12/27 20:29 4:06 0:00
Jordie Benn 0 0 0 -4 0 3 0 1 0 2 0/0 22:53 4:55 3:57
Marcus Pettersson 0 0 0 -4 0 1 0 1 0 0 0/0 18:56 4:55 0:00
Mathew Barzal 0 0 0 -1 0 0 1 1 0 0 2/7 13:01 3:50 0:00
Mathieu Joseph 0 0 0 2 0 0 1 0 0 0 0/0 7:53 0:00 0:00
Pavel Buchnevich 0 1 1 -2 0 2 1 0 1 1 1/1 20:23 4:06 0:00
Phil Oreskovic 0 0 0 3 0 2 1 0 0 1 0/0 15:40 0:00 2:00
Rourke Chartier 2 0 2 2 0 3 0 0 0 0 3/4 7:53 0:00 0:00
Ryan Pulock 0 0 0 3 0 2 0 2 0 0 0/0 15:40 0:00 2:00
Simon Despres 1 0 1 -2 0 2 1 0 1 1 0/0 20:45 0:00 3:57
Sonny Milano 0 2 2 -1 2 4 0 0 0 0 0/0 9:40 0:11 0:13
Travis Sanheim 0 0 0 -2 2 1 1 1 1 1 0/0 21:27 3:01 0:00
Tye McGinn 0 0 0 -2 0 3 2 0 1 0 1/2 18:32 4:06 1:55
3 Stars
1 - Nail Yakupov (Bak)
2 - Mark Jankowski (Bak)
3 - Alex Tuch (Bak)
Power Play
Condors - 0 on 3 Attempt(s) - 0.00%
Royaux - 0 on 5 Attempt(s) - 0.00%
Penalty Kill
Condors - 5 on 5 Attempt(s) - 100.00%
- Score 1 goal in Penalty Kill
Royaux - 3 on 3 Attempt(s) - 100.00%
- Score 0 goal in Penalty Kill
Team Stat
Condors - Hits : 16 - Faceoff Wins : 34 - Blocked Shots : 10 - Penalty Minutes : 8
Royaux - Hits : 18 - Faceoff Wins : 34 - Blocked Shots : 9 - Penalty Minutes : 6
Official
Referees : Unknown
Linesman : Unknown
Game Notes
6:15 of 2nd period - Penalty Shot by Alex Tuch for Condors - Goal!
Olivier Roy enters game at 8:28 of 2nd period
Finance
Level 1 -- Attendance: 1680 (84.00%) -- Ticket Income $58,800
Level 2 -- Attendance: 663 (66.30%) -- Ticket Income $13,260
Total Attendance: 2343 (78.10%)
Total Ticket Income: $72,060
Other Income: $3,603
Total Income: $75,663
Condors
5 vs 5 Forward
Center Left Wing Right Wing Time % Phy DF OF
1 Tyler Bozak Anton Slepyshev Kasperi Kapanen 40 1 2 2
2 Mark Jankowski Alex Tuch Nail Yakupov 30 1 2 2
3 Louis Leblanc Andrew Mangiapane Daniel Zaar 20 1 2 2
4 Connor Hurley C.J Suess Mikko Lehtonen 10 1 2 2
5 vs 5 Defense
Defense Defense Time % Phy DF OF
1 Carl Gunnarsson Eric Gustafsson 40 1 2 2
2 Zac Leslie Olli Maatta 30 1 2 2
3 Chris Bigras Brett Lernout 20 1 2 2
4 Gustav Olofsson Erik Cernak 10 1 2 2
PowerPlay Forward
Center Left Wing Right Wing Time % Phy DF OF
1 Tyler Bozak Alex Tuch Nail Yakupov 60 1 2 2
2 Mark Jankowski Anton Slepyshev Kasperi Kapanen 40 1 2 2
PowerPlay Defense
Defense Defense Time % Phy DF OF
1 Carl Gunnarsson Zac Leslie 60 1 2 2
2 Chris Bigras Eric Gustafsson 40 1 2 2
Penalty Kill 4 Players Forward
Center Wing Time % Phy DF OF
1 Mark Jankowski Nail Yakupov 60 1 2 2
2 Louis Leblanc Daniel Zaar 40 1 2 2
Penalty Kill 4 Players Defense
Defense Defense Time % Phy DF OF
1 Olli Maatta Eric Gustafsson 60 1 2 2
2 Carl Gunnarsson Chris Bigras 40 1 2 2
Penalty Kill - 3 Players Forward
Forward Time % Phy DF OF
1 Tyler Bozak 60 1 2 2
2 Nail Yakupov 40 1 2 2
Penalty Kill - 3 Players Defense
Defense Defense Time % Phy DF OF
1 Carl Gunnarsson Eric Gustafsson 60 1 2 2
2 Zac Leslie Olli Maatta 40 1 2 2
4 vs 4 Forward
Center Wing Time % Phy DF OF
1 Tyler Bozak Nail Yakupov 60 1 2 2
2 Mark Jankowski Anton Slepyshev 40 1 2 2
4 vs 4 Defense
Defense Defense Time % Phy DF OF
1 Carl Gunnarsson Eric Gustafsson 60 1 2 2
2 Zac Leslie Chris Bigras 40 1 2 2
Last Minutes Offensive
Center Left Wing Right Wing Defense Defense
Tyler Bozak Anton Slepyshev Nail Yakupov Carl Gunnarsson Eric Gustafsson
Last Minutes Defensive
Center Left Wing Right Wing Defense Defense
Tyler Bozak Anton Slepyshev Nail Yakupov Carl Gunnarsson Eric Gustafsson
Goaltenders
Starting : Ilya Samsonov
Backup : Mark Visentin
Extra Forwards
Normal : Louis Leblanc, Alex Tuch, Daniel Zaar - PP : Louis Leblanc, Alex Tuch - PK : Daniel Zaar
Extra Defensemen
Normal : Erik Cernak, Brett Lernout, Gustav Olofsson - PP : Erik Cernak - PK : Brett Lernout, Gustav Olofsson
Penalty Shots
Tyler Bozak, Nail Yakupov, Daniel Zaar, Mark Jankowski, Anton Slepyshev
Scratches
Emil Djuse (Healthy), Caleb Jones (Healthy), Nick Merkley (Healthy), Christian Thomas (Healthy), Cole Cassels (Healthy)
Jordan Subban (Healthy), Jeremy Gregoire (Healthy), Remi Elie (Healthy), Adam Erne (Healthy), Brett Ritchie (Healthy)
Frederik Gauthier (Bruised Left Arm Injury), Anders Bjork (Healthy), Hunter Smith (Healthy), Jack Campbell (Healthy)
Royaux
5 vs 5 Forward
Center Left Wing Right Wing Time % Phy DF OF
1 Dylan Larkin Brandon Pirri Pavel Buchnevich 40 0 2 3
2 Adam Gaudette Tye McGinn Ben Hanowski 30 0 2 3
3 Mathew Barzal Sonny Milano Danny Kristo 20 0 2 3
4 Rourke Chartier Brendan Woods Mathieu Joseph 10 0 3 2
5 vs 5 Defense
Defense Defense Time % Phy DF OF
1 Travis Sanheim Simon Despres 35 0 3 2
2 Marcus Pettersson Jordie Benn 35 0 3 2
3 Ryan Pulock Phil Oreskovic 15 0 3 2
4 Ryan Pulock Phil Oreskovic 15 0 3 2
PowerPlay Forward
Center Left Wing Right Wing Time % Phy DF OF
1 Dylan Larkin Tye McGinn Pavel Buchnevich 60 0 1 4
2 Adam Gaudette Brandon Pirri Mathew Barzal 40 0 1 4
PowerPlay Defense
Defense Defense Time % Phy DF OF
1 Jordie Benn Marcus Pettersson 60 0 2 3
2 Ben Hanowski Travis Sanheim 40 0 2 3
Penalty Kill 4 Players Forward
Center Wing Time % Phy DF OF
1 Danny Kristo Brendan Woods 60 0 4 1
2 Ben Hanowski Tye McGinn 40 0 4 1
Penalty Kill 4 Players Defense
Defense Defense Time % Phy DF OF
1 Jordie Benn Simon Despres 60 1 2 2
2 Phil Oreskovic Ryan Pulock 40 1 2 2
Penalty Kill - 3 Players Forward
Forward Time % Phy DF OF
1 Brendan Woods 60 0 4 1
2 Danny Kristo 40 0 4 1
Penalty Kill - 3 Players Defense
Defense Defense Time % Phy DF OF
1 Jordie Benn Simon Despres 60 1 2 2
2 Phil Oreskovic Ryan Pulock 40 1 2 2
4 vs 4 Forward
Center Wing Time % Phy DF OF
1 Dylan Larkin Tye McGinn 60 0 2 3
2 Adam Gaudette Pavel Buchnevich 40 0 2 3
4 vs 4 Defense
Defense Defense Time % Phy DF OF
1 Travis Sanheim Simon Despres 60 0 3 2
2 Jordie Benn Marcus Pettersson 40 0 3 2
Last Minutes Offensive
Center Left Wing Right Wing Defense Defense
Dylan Larkin Tye McGinn Pavel Buchnevich Marcus Pettersson Travis Sanheim
Last Minutes Defensive
Center Left Wing Right Wing Defense Defense
Tye McGinn Brendan Woods Danny Kristo Phil Oreskovic Simon Despres
Goaltenders
Starting : Igor Shesterkin
Backup : Olivier Roy
Extra Forwards
Normal : Dylan Larkin, Pavel Buchnevich, Mathew Barzal - PP : Sonny Milano, Danny Kristo - PK : Brandon Pirri
Extra Defensemen
Normal : Travis Sanheim, Marcus Pettersson, Phil Oreskovic - PP : Simon Despres - PK : Marcus Pettersson, Travis Sanheim
Penalty Shots
Dylan Larkin, Brandon Pirri, Danny Kristo, Sonny Milano, Ben Hanowski
Scratches
Vladislav Namestnikov (Healthy), Garrett Wilson (Healthy), Troy Terry (Healthy), Tanner Kero (Healthy), Greg McKegg (Healthy)
Nikita Pavlychev (Healthy), Konrad Abeltshauser (Healthy), Dylan DeMelo (Healthy), Tomas Hyka (Healthy), Ian McCoshen (Healthy)
Michael Bunting (Healthy), Ryan Mantha (Healthy), Jack Ramsey (Healthy), Marcus Hogberg (Healthy)
% Time on Ice - Condors
Lines # - Real PCT - Wanted PCT - Time Play
Normal Forward
1 - 36% - 40% - 16:39
2 - 28% - 30% - 12:44
3 - 19% - 20% - 8:48
4 - 17% - 10% - 7:56
Normal Defense
1 - 37% - 40% - 16:50
2 - 31% - 30% - 14:04
3 - 18% - 20% - 8:30
4 - 15% - 10% - 6:43
PP Forward
1 - 54% - 60% - 3:12
2 - 46% - 40% - 2:45
PP Defense
1 - 54% - 60% - 3:13
2 - 46% - 40% - 2:44
PK Forward
1 - 78% - 60% - 6:13
2 - 22% - 40% - 1:43
PK Defense
1 - 56% - 60% - 4:26
2 - 44% - 40% - 3:30
PK3 Forward
1 - 0% - 60%
2 - 0% - 40%
PK3 Defense
1 - 0% - 60%
2 - 0% - 40%
44 Forward
1 - 0% - 60%
2 - 0% - 40%
44 Defense
1 - 0% - 60%
2 - 0% - 40%
Last Minute Offensive - 0:00
Last Minute Defensive - 0:00
Total
Forward - 60:00
Defense - 60:00
|
% Time on Ice - Royaux
Lines # - Real PCT - Wanted PCT - Time Play
Normal Forward
1 - 36% - 40% - 16:24
2 - 27% - 30% - 12:39
3 - 20% - 20% - 9:11
4 - 17% - 10% - 7:53
Normal Defense
1 - 37% - 35% - 16:57
2 - 35% - 35% - 16:11
3 - 14% - 15% - 6:33
4 - 14% - 15% - 6:26
PP Forward
1 - 52% - 60% - 4:06
2 - 48% - 40% - 3:50
PP Defense
1 - 62% - 60% - 4:55
2 - 38% - 40% - 3:01
PK Forward
1 - 81% - 60% - 4:48
2 - 19% - 40% - 1:09
PK Defense
1 - 66% - 60% - 3:57
2 - 34% - 40% - 2:00
PK3 Forward
1 - 0% - 60%
2 - 0% - 40%
PK3 Defense
1 - 0% - 60%
2 - 0% - 40%
44 Forward
1 - 0% - 60%
2 - 0% - 40%
44 Defense
1 - 0% - 60%
2 - 0% - 40%
Last Minute Offensive - 0:00
Last Minute Defensive - 0:00
Total
Forward - 60:00
Defense - 60:00
|
Play-by-Play
1st period
0:01 of 1st period - Dylan Larkin wins face-off versus Tyler Bozak in neutral zone.
0:47 of 1st period - Snap shot by Tye McGinn.
0:47 of 1st period - Shot Blocked by Louis Leblanc.
1:04 of 1st period - Off-side.
1:05 of 1st period - Rourke Chartier wins face-off versus Connor Hurley in neutral zone.
1:34 of 1st period - Mikko Lehtonen is hit by Tye McGinn and loses puck.
1:44 of 1st period - Icing by Brett Lernout.
1:45 of 1st period - Dylan Larkin wins face-off versus Connor Hurley in Condors zone.
1:46 of 1st period - Wrist shot by Pavel Buchnevich.
1:46 of 1st period - Shot Misses the Net.
1:51 of 1st period - Off-side.
1:52 of 1st period - Tyler Bozak wins face-off versus Dylan Larkin in neutral zone.
1:57 of 1st period - Wrist shot by Dylan Larkin.
1:57 of 1st period - Stopped by Ilya Samsonov with a rebound.
2:29 of 1st period - Snap shot by Dylan Larkin.
2:29 of 1st period - Deflect By Pavel Buchnevich.
2:29 of 1st period - Shot Misses the Net.
2:29 of 1st period - Puck is out of play.
2:30 of 1st period - Mark Jankowski wins face-off versus Mathew Barzal in Condors zone.
2:39 of 1st period - Wrist shot by Sonny Milano.
2:39 of 1st period - Shot Misses the Net.
2:41 of 1st period - Slapshot by Jordie Benn.
2:41 of 1st period - Stopped by Ilya Samsonov with a rebound.
2:43 of 1st period - Slapshot by Jordie Benn.
2:43 of 1st period - Deflect By Sonny Milano.
2:43 of 1st period - Stopped by Ilya Samsonov without a rebound.
2:44 of 1st period - Adam Gaudette wins face-off versus Louis Leblanc in Condors zone.
3:11 of 1st period - Olli Maatta is hit by Dylan Larkin and loses puck.
3:29 of 1st period - Icing by Zac Leslie.
3:30 of 1st period - Mathew Barzal wins face-off versus Anton Slepyshev in Condors zone.
3:46 of 1st period - Snap shot by Danny Kristo.
3:46 of 1st period - Deflect By Sonny Milano.
3:46 of 1st period - Shot Hit the Post.
3:46 of 1st period - Puck is out of play.
3:47 of 1st period - Adam Gaudette wins face-off versus Mark Jankowski in Condors zone.
3:58 of 1st period - Snap shot by Mark Jankowski.
3:58 of 1st period - Shot Misses the Net.
4:12 of 1st period - Snap shot by Dylan Larkin.
4:12 of 1st period - Stopped by Ilya Samsonov without a rebound.
4:13 of 1st period - Dylan Larkin wins face-off versus Tyler Bozak in Condors zone.
4:22 of 1st period - Wrist shot by Tyler Bozak.
4:22 of 1st period - Shot Misses the Net.
4:28 of 1st period - Pavel Buchnevich is hit by Tyler Bozak and loses puck.
4:37 of 1st period - Tyler Bozak is hit by Brandon Pirri and loses puck.
5:37 of 1st period - Wrist shot by Pavel Buchnevich.
5:37 of 1st period - Stopped by Ilya Samsonov with a rebound.
5:39 of 1st period - Slapshot by Phil Oreskovic.
5:39 of 1st period - Shot Blocked by Tyler Bozak.
5:41 of 1st period - Slapshot by Phil Oreskovic.
5:41 of 1st period - Stopped by Ilya Samsonov with a rebound.
5:43 of 1st period - Wrist shot by Pavel Buchnevich.
5:43 of 1st period - Shot Misses the Net.
5:45 of 1st period - Slapshot by Ryan Pulock.
5:45 of 1st period - Stopped by Ilya Samsonov without a rebound.
5:46 of 1st period - Adam Gaudette wins face-off versus Louis Leblanc in Condors zone.
5:53 of 1st period - Snap shot by Ben Hanowski.
5:53 of 1st period - Shot Blocked by Carl Gunnarsson.
6:33 of 1st period - Brendan Woods is hit by Mikko Lehtonen and loses puck.
6:54 of 1st period - Snap shot by Andrew Mangiapane.
6:54 of 1st period - Stopped by Igor Shesterkin without a rebound.
6:55 of 1st period - Louis Leblanc wins face-off versus Adam Gaudette in Royaux zone.
7:40 of 1st period - Off-side.
7:41 of 1st period - Rourke Chartier wins face-off versus Connor Hurley in neutral zone.
7:46 of 1st period - Snap shot by Rourke Chartier.
7:46 of 1st period - Shot Misses the Net.
7:56 of 1st period - Slapshot by C.J Suess.
7:56 of 1st period - Shot Misses the Net.
7:59 of 1st period - Icing by Brendan Woods.
8:00 of 1st period - Mark Jankowski wins face-off versus Rourke Chartier in Royaux zone.
8:34 of 1st period - Snap shot by Kasperi Kapanen.
8:34 of 1st period - Shot Misses the Net.
9:22 of 1st period - Icing by Alex Tuch.
9:23 of 1st period - Adam Gaudette wins face-off versus Mark Jankowski in Condors zone.
9:30 of 1st period - Snap shot by Tye McGinn.
9:30 of 1st period - Stopped by Ilya Samsonov with a rebound.
9:32 of 1st period - Wrist shot by Ben Hanowski.
9:32 of 1st period - Stopped by Ilya Samsonov with a rebound.
9:34 of 1st period - Slapshot by Marcus Pettersson.
9:34 of 1st period - Shot Misses the Net.
9:36 of 1st period - Slapshot by Jordie Benn.
9:36 of 1st period - Shot Misses the Net.
9:38 of 1st period - Wrist shot by Tye McGinn.
9:38 of 1st period - Stopped by Ilya Samsonov with a rebound.
11:00 of 1st period - Snap shot by Ben Hanowski.
11:00 of 1st period - Stopped by Ilya Samsonov with a rebound.
11:02 of 1st period - Slapshot by Jordie Benn.
11:02 of 1st period - Stopped by Ilya Samsonov with a rebound.
11:30 of 1st period - Mathew Barzal is hit by Kasperi Kapanen and loses puck.
11:59 of 1st period - Phil Oreskovic is hit by Mikko Lehtonen.
12:25 of 1st period - Phil Oreskovic is hit by Alex Tuch and loses puck.
12:30 of 1st period - Snap shot by Alex Tuch.
12:30 of 1st period - Shot Misses the Net.
12:46 of 1st period - Snap shot by Sonny Milano.
12:46 of 1st period - Stopped by Ilya Samsonov without a rebound.
12:47 of 1st period - Kasperi Kapanen wins face-off versus Mathew Barzal in Condors zone.
13:05 of 1st period - Wrist shot by Danny Kristo.
13:05 of 1st period - Shot Misses the Net.
13:07 of 1st period - Snap shot by Simon Despres.
13:07 of 1st period - Stopped by Ilya Samsonov with a rebound.
13:55 of 1st period - Wrist shot by Sonny Milano.
13:55 of 1st period - Stopped by Ilya Samsonov with a rebound.
13:57 of 1st period - Slapshot by Simon Despres.
13:57 of 1st period - Deflect By Tyler Bozak.
13:57 of 1st period - Goal by Simon Despres - Condors : 0 - Royaux : 1.
13:58 of 1st period - Dylan Larkin wins face-off versus Mark Jankowski in neutral zone.
14:07 of 1st period - Slapshot by Alex Tuch.
14:07 of 1st period - Shot Blocked by Travis Sanheim.
14:09 of 1st period - Wrist shot by Carl Gunnarsson.
14:09 of 1st period - Stopped by Igor Shesterkin with a rebound.
14:13 of 1st period - Slapshot by Nail Yakupov.
14:13 of 1st period - Shot Misses the Net.
14:33 of 1st period - Wrist shot by Daniel Zaar.
14:33 of 1st period - Stopped by Igor Shesterkin without a rebound.
14:34 of 1st period - Adam Gaudette wins face-off versus Mark Jankowski in Royaux zone.
14:34 of 1st period - Adam Gaudette is hit by Alex Tuch.
14:56 of 1st period - Minor Penalty to Mark Jankowski for Interference.
14:57 of 1st period - Daniel Zaar wins face-off versus Dylan Larkin in Condors zone.
15:29 of 1st period - Off-side.
15:30 of 1st period - Adam Gaudette wins face-off versus Louis Leblanc in neutral zone.
15:33 of 1st period - Backhand shot by Adam Gaudette.
15:33 of 1st period - Shot Misses the Net.
15:46 of 1st period - Icing by Brandon Pirri.
15:47 of 1st period - Nail Yakupov wins face-off versus Adam Gaudette in Royaux zone.
16:56 of 1st period - Penalty to Mark Jankowski is over, Mark Jankowski is back on ice.
17:15 of 1st period - Icing by Travis Sanheim.
17:16 of 1st period - Rourke Chartier wins face-off versus Connor Hurley in Royaux zone.
17:16 of 1st period - Rourke Chartier is hit by C.J Suess.
17:26 of 1st period - Zac Leslie is hit by Travis Sanheim and loses puck.
18:03 of 1st period - Slapshot by Daniel Zaar.
18:03 of 1st period - Shot Misses the Net.
18:05 of 1st period - Slapshot by Andrew Mangiapane.
18:05 of 1st period - Shot Misses the Net.
18:07 of 1st period - Snap shot by Andrew Mangiapane.
18:07 of 1st period - Shot Misses the Net.
18:09 of 1st period - Wrist shot by Daniel Zaar.
18:09 of 1st period - Stopped by Igor Shesterkin without a rebound.
18:10 of 1st period - Louis Leblanc wins face-off versus Dylan Larkin in Royaux zone.
18:11 of 1st period - Slapshot by Daniel Zaar.
18:11 of 1st period - Shot Misses the Net.
18:13 of 1st period - Wrist shot by Andrew Mangiapane.
18:13 of 1st period - Shot Misses the Net.
18:15 of 1st period - Snap shot by Daniel Zaar.
18:15 of 1st period - Stopped by Igor Shesterkin with a rebound.
18:17 of 1st period - Slapshot by Daniel Zaar.
18:17 of 1st period - Deflect By Louis Leblanc.
18:17 of 1st period - Shot Misses the Net.
18:17 of 1st period - Puck is out of play.
18:18 of 1st period - Tyler Bozak wins face-off versus Dylan Larkin in Royaux zone.
18:39 of 1st period - Wrist shot by Dylan Larkin.
18:39 of 1st period - Goal by Dylan Larkin - Condors : 0 - Royaux : 2.
18:40 of 1st period - Dylan Larkin wins face-off versus Mark Jankowski in neutral zone.
18:51 of 1st period - Slapshot by Carl Gunnarsson.
18:51 of 1st period - Shot Blocked by Brandon Pirri.
19:35 of 1st period - Wrist shot by Mikko Lehtonen.
19:35 of 1st period - Stopped by Igor Shesterkin without a rebound.
19:36 of 1st period - Tye McGinn wins face-off versus Connor Hurley in Royaux zone.
19:41 of 1st period - Mikko Lehtonen is hit by Adam Gaudette and loses puck.
Goals for this period are 0 for Condors vs 2 for Royaux.
Shots for this period are 6 for Condors vs 17 for Royaux.
2nd period
0:01 of 2nd period - Adam Gaudette wins face-off versus Tyler Bozak in neutral zone.
0:26 of 2nd period - Carl Gunnarsson is hit by Brandon Pirri and loses puck.
1:30 of 2nd period - Slapshot by Olli Maatta.
1:30 of 2nd period - Stopped by Igor Shesterkin with a rebound.
1:33 of 2nd period - Icing by Marcus Pettersson.
1:34 of 2nd period - Adam Gaudette wins face-off versus Tyler Bozak in Royaux zone.
1:39 of 2nd period - Snap shot by Tyler Bozak.
1:39 of 2nd period - Stopped by Igor Shesterkin with a rebound.
2:18 of 2nd period - Snap shot by Tyler Bozak.
2:18 of 2nd period - Shot Misses the Net.
2:28 of 2nd period - Slapshot by Ben Hanowski.
2:28 of 2nd period - Stopped by Ilya Samsonov without a rebound.
2:29 of 2nd period - Mark Jankowski wins face-off versus Dylan Larkin in Condors zone.
2:29 of 2nd period - Mark Jankowski is hit by Pavel Buchnevich.
2:46 of 2nd period - Snap shot by Dylan Larkin.
2:46 of 2nd period - Stopped by Ilya Samsonov without a rebound.
2:47 of 2nd period - Louis Leblanc wins face-off versus Mathew Barzal in Condors zone.
2:52 of 2nd period - Snap shot by Daniel Zaar.
2:52 of 2nd period - Goal by Daniel Zaar - Condors : 1 - Royaux : 2.
2:53 of 2nd period - Mark Jankowski wins face-off versus Dylan Larkin in neutral zone.
3:08 of 2nd period - Pavel Buchnevich is hit by Nail Yakupov.
3:20 of 2nd period - Icing by Kasperi Kapanen.
3:21 of 2nd period - Adam Gaudette wins face-off versus Tyler Bozak in Condors zone.
3:26 of 2nd period - Slapshot by Ben Hanowski.
3:26 of 2nd period - Shot Blocked by Anton Slepyshev.
3:38 of 2nd period - Snap shot by Tyler Bozak.
3:38 of 2nd period - Goal by Tyler Bozak - Condors : 2 - Royaux : 2.
3:39 of 2nd period - Dylan Larkin wins face-off versus Mark Jankowski in neutral zone.
3:44 of 2nd period - Snap shot by Dylan Larkin.
3:44 of 2nd period - Stopped by Ilya Samsonov without a rebound.
3:45 of 2nd period - Dylan Larkin wins face-off versus Mark Jankowski in Condors zone.
4:14 of 2nd period - Kasperi Kapanen is hit by Tye McGinn and loses puck.
4:19 of 2nd period - Wrist shot by Tye McGinn.
4:19 of 2nd period - Stopped by Ilya Samsonov with a rebound.
4:21 of 2nd period - Slapshot by Adam Gaudette.
4:21 of 2nd period - Shot Blocked by Carl Gunnarsson.
4:31 of 2nd period - Tyler Bozak is hit by Simon Despres and loses puck.
4:55 of 2nd period - Wrist shot by Tyler Bozak.
4:55 of 2nd period - Shot Hit the Post.
5:07 of 2nd period - Slapshot by Travis Sanheim.
5:07 of 2nd period - Stopped by Ilya Samsonov without a rebound.
5:08 of 2nd period - Louis Leblanc wins face-off versus Brandon Pirri in Condors zone.
5:13 of 2nd period - Wrist shot by Andrew Mangiapane.
5:13 of 2nd period - Shot Blocked by Ryan Pulock.
6:07 of 2nd period - Wrist shot by Sonny Milano.
6:07 of 2nd period - Shot Misses the Net.
6:15 of 2nd period - Penalty Shot by Alex Tuch for Condors.
6:15 of 2nd period - Snap shot by Alex Tuch.
6:15 of 2nd period - Goal by Alex Tuch - Condors : 3 - Royaux : 2.
6:16 of 2nd period - Louis Leblanc wins face-off versus Dylan Larkin in neutral zone.
6:17 of 2nd period - Pavel Buchnevich wins face-off versus Andrew Mangiapane in Condors zone.
7:32 of 2nd period - Backhand shot by Marcus Pettersson.
7:32 of 2nd period - Stopped by Ilya Samsonov with a rebound.
8:08 of 2nd period - Slapshot by Kasperi Kapanen.
8:08 of 2nd period - Stopped by Igor Shesterkin without a rebound.
8:09 of 2nd period - Mark Jankowski wins face-off versus Adam Gaudette in Royaux zone.
8:10 of 2nd period - Slapshot by Nail Yakupov.
8:10 of 2nd period - Shot Misses the Net.
8:12 of 2nd period - Wrist shot by Nail Yakupov.
8:12 of 2nd period - Stopped by Igor Shesterkin with a rebound.
8:14 of 2nd period - Slapshot by Olli Maatta.
8:14 of 2nd period - Shot Blocked by Ryan Pulock.
8:16 of 2nd period - Snap shot by Nail Yakupov.
8:16 of 2nd period - Stopped by Igor Shesterkin without a rebound.
8:17 of 2nd period - Adam Gaudette wins face-off versus Mark Jankowski in Royaux zone.
8:24 of 2nd period - Wrist shot by Mark Jankowski.
8:24 of 2nd period - Shot Misses the Net.
8:26 of 2nd period - Slapshot by Zac Leslie.
8:26 of 2nd period - Shot Hit the Post.
8:28 of 2nd period - Snap shot by Mark Jankowski.
8:28 of 2nd period - Goal by Mark Jankowski - Condors : 4 - Royaux : 2.
8:28 of 2nd period - Olivier Roy enters game.
8:29 of 2nd period - Tyler Bozak wins face-off versus Dylan Larkin in neutral zone.
8:43 of 2nd period - Off-side.
8:44 of 2nd period - Mark Jankowski wins face-off versus Adam Gaudette in neutral zone.
9:25 of 2nd period - Minor Penalty to Zac Leslie for Hooking.
9:26 of 2nd period - Mark Jankowski wins face-off versus Dylan Larkin in Condors zone.
10:17 of 2nd period - Snap shot by Daniel Zaar.
10:17 of 2nd period - Deflect By Louis Leblanc.
10:17 of 2nd period - Shot Misses the Net.
10:17 of 2nd period - Puck is out of play.
10:18 of 2nd period - Dylan Larkin wins face-off versus Louis Leblanc in Royaux zone.
10:25 of 2nd period - Snap shot by Pavel Buchnevich.
10:25 of 2nd period - Shot Blocked by Louis Leblanc.
10:27 of 2nd period - Snap shot by Tye McGinn.
10:27 of 2nd period - Deflect By Dylan Larkin.
10:27 of 2nd period - Stopped by Ilya Samsonov without a rebound.
10:28 of 2nd period - Mark Jankowski wins face-off versus Dylan Larkin in Condors zone.
11:25 of 2nd period - Penalty to Zac Leslie is over, Zac Leslie is back on ice.
11:42 of 2nd period - Nail Yakupov is hit by Ben Hanowski and loses puck.
12:27 of 2nd period - Wrist shot by Adam Gaudette.
12:27 of 2nd period - Stopped by Ilya Samsonov without a rebound.
12:28 of 2nd period - Tyler Bozak wins face-off versus Adam Gaudette in Condors zone.
13:13 of 2nd period - Wrist shot by Dylan Larkin.
13:13 of 2nd period - Shot Blocked by Erik Cernak.
13:15 of 2nd period - Slapshot by Phil Oreskovic.
13:15 of 2nd period - Stopped by Ilya Samsonov without a rebound.
13:16 of 2nd period - Mathew Barzal wins face-off versus Connor Hurley in Condors zone.
13:19 of 2nd period - Wrist shot by Sonny Milano.
13:19 of 2nd period - Stopped by Ilya Samsonov with a rebound.
13:21 of 2nd period - Slapshot by Ryan Pulock.
13:21 of 2nd period - Shot Misses the Net.
13:31 of 2nd period - Wrist shot by Sonny Milano.
13:31 of 2nd period - Shot Misses the Net.
13:37 of 2nd period - Minor Penalty to Connor Hurley for Hooking.
13:38 of 2nd period - Mark Jankowski wins face-off versus Dylan Larkin in Condors zone.
14:03 of 2nd period - Brandon Pirri is hit by Louis Leblanc and loses puck.
15:37 of 2nd period - Penalty to Connor Hurley is over, Connor Hurley is back on ice.
15:46 of 2nd period - Snap shot by Rourke Chartier.
15:46 of 2nd period - Stopped by Ilya Samsonov without a rebound.
15:47 of 2nd period - Brendan Woods wins face-off versus Tyler Bozak in Condors zone.
15:50 of 2nd period - Wrist shot by Brendan Woods.
15:50 of 2nd period - Shot Misses the Net.
15:52 of 2nd period - Snap shot by Rourke Chartier.
15:52 of 2nd period - Shot Misses the Net.
15:56 of 2nd period - Snap shot by Rourke Chartier.
15:56 of 2nd period - Goal by Rourke Chartier - Condors : 4 - Royaux : 3.
15:57 of 2nd period - Dylan Larkin wins face-off versus Mark Jankowski in neutral zone.
16:02 of 2nd period - Snap shot by Nail Yakupov.
16:02 of 2nd period - Shot Misses the Net.
16:04 of 2nd period - Slapshot by Olli Maatta.
16:04 of 2nd period - Stopped by Olivier Roy with a rebound.
16:06 of 2nd period - Wrist shot by Alex Tuch.
16:06 of 2nd period - Stopped by Olivier Roy without a rebound.
16:07 of 2nd period - Mark Jankowski wins face-off versus Dylan Larkin in Royaux zone.
16:16 of 2nd period - Snap shot by Mark Jankowski.
16:16 of 2nd period - Shot Misses the Net.
16:18 of 2nd period - Snap shot by Alex Tuch.
16:18 of 2nd period - Goal by Alex Tuch - Condors : 5 - Royaux : 3.
16:19 of 2nd period - Dylan Larkin wins face-off versus Mark Jankowski in neutral zone.
16:22 of 2nd period - Olli Maatta is hit by Brandon Pirri and loses puck.
16:45 of 2nd period - Tyler Bozak is hit by Ben Hanowski and loses puck.
17:40 of 2nd period - Wrist shot by Mikko Lehtonen.
17:40 of 2nd period - Stopped by Olivier Roy with a rebound.
17:55 of 2nd period - Off-side.
17:56 of 2nd period - Mark Jankowski wins face-off versus Brandon Pirri in neutral zone.
18:07 of 2nd period - Mark Jankowski is hit by Phil Oreskovic and loses puck.
18:32 of 2nd period - Pavel Buchnevich is hit by Alex Tuch and loses puck.
18:41 of 2nd period - Backhand shot by Alex Tuch.
18:41 of 2nd period - Deflect By Nail Yakupov.
18:41 of 2nd period - Goal by Nail Yakupov - Condors : 6 - Royaux : 3.
18:42 of 2nd period - Adam Gaudette wins face-off versus Tyler Bozak in neutral zone.
18:56 of 2nd period - Minor Penalty to Travis Sanheim for Hooking.
18:57 of 2nd period - Danny Kristo wins face-off versus Tyler Bozak in Royaux zone.
Goals for this period are 6 for Condors vs 1 for Royaux.
Shots for this period are 13 for Condors vs 12 for Royaux.
3rd period
0:01 of 3rd period - Danny Kristo wins face-off versus Tyler Bozak in neutral zone.
0:11 of 3rd period - Jordie Benn is hit by Alex Tuch and loses puck.
0:56 of 3rd period - Penalty to Travis Sanheim is over, Travis Sanheim is back on ice.
2:41 of 3rd period - Wrist shot by Tyler Bozak.
2:41 of 3rd period - Shot Misses the Net.
2:55 of 3rd period - Backhand shot by Jordie Benn.
2:55 of 3rd period - Stopped by Ilya Samsonov without a rebound.
2:56 of 3rd period - Mark Jankowski wins face-off versus Adam Gaudette in Condors zone.
3:11 of 3rd period - Snap shot by Nail Yakupov.
3:11 of 3rd period - Shot Blocked by Ben Hanowski.
3:21 of 3rd period - Anton Slepyshev is hit by Brandon Pirri and loses puck.
3:42 of 3rd period - Daniel Zaar is hit by Mathew Barzal.
4:01 of 3rd period - Snap shot by Danny Kristo.
4:01 of 3rd period - Deflect By Rourke Chartier.
4:01 of 3rd period - Goal by Rourke Chartier - Condors : 6 - Royaux : 4.
4:02 of 3rd period - Tyler Bozak wins face-off versus Dylan Larkin in neutral zone.
4:18 of 3rd period - Snap shot by Anton Slepyshev.
4:18 of 3rd period - Deflect By Kasperi Kapanen.
4:18 of 3rd period - Stopped by Olivier Roy without a rebound.
4:19 of 3rd period - Mark Jankowski wins face-off versus Tye McGinn in Royaux zone.
5:13 of 3rd period - Slapshot by Travis Sanheim.
5:13 of 3rd period - Shot Blocked by Mikko Lehtonen.
5:37 of 3rd period - Snap shot by Dylan Larkin.
5:37 of 3rd period - Stopped by Ilya Samsonov with a rebound.
5:44 of 3rd period - Minor Penalty to Brett Lernout for Tripping.
5:45 of 3rd period - Mark Jankowski wins face-off versus Adam Gaudette in Condors zone.
5:55 of 3rd period - Snap shot by Mark Jankowski.
5:55 of 3rd period - Goal by Mark Jankowski - Condors : 7 - Royaux : 4.
5:56 of 3rd period - Mark Jankowski wins face-off versus Dylan Larkin in neutral zone.
6:37 of 3rd period - Wrist shot by Louis Leblanc.
6:37 of 3rd period - Stopped by Olivier Roy with a rebound.
7:44 of 3rd period - Penalty to Brett Lernout is over, Brett Lernout is back on ice.
7:51 of 3rd period - Kasperi Kapanen is hit by Mathieu Joseph and loses puck.
7:56 of 3rd period - Wrist shot by Brendan Woods.
7:56 of 3rd period - Shot Misses the Net.
7:58 of 3rd period - Slapshot by Ryan Pulock.
7:58 of 3rd period - Shot Misses the Net.
8:00 of 3rd period - Slapshot by Ryan Pulock.
8:00 of 3rd period - Stopped by Ilya Samsonov with a rebound.
8:02 of 3rd period - Snap shot by Rourke Chartier.
8:02 of 3rd period - Shot Blocked by Gustav Olofsson.
8:34 of 3rd period - Snap shot by C.J Suess.
8:34 of 3rd period - Shot Misses the Net.
8:52 of 3rd period - Tyler Bozak is hit by Brendan Woods and loses puck.
9:35 of 3rd period - Slapshot by Mikko Lehtonen.
9:35 of 3rd period - Shot Misses the Net.
9:37 of 3rd period - Backhand shot by Eric Gustafsson.
9:37 of 3rd period - Shot Blocked by Adam Gaudette.
9:59 of 3rd period - Brendan Woods is hit by Daniel Zaar and loses puck.
10:12 of 3rd period - Mikko Lehtonen is hit by Dylan Larkin and loses puck.
10:23 of 3rd period - Simon Despres is hit by Carl Gunnarsson and loses puck.
10:41 of 3rd period - Off-side.
10:42 of 3rd period - Anton Slepyshev wins face-off versus Mathew Barzal in neutral zone.
11:37 of 3rd period - Icing by Mark Jankowski.
11:38 of 3rd period - Dylan Larkin wins face-off versus Mark Jankowski in Condors zone.
11:55 of 3rd period - Slapshot by Marcus Pettersson.
11:55 of 3rd period - Shot Blocked by Nail Yakupov.
12:12 of 3rd period - Off-side.
12:13 of 3rd period - Tyler Bozak wins face-off versus Adam Gaudette in neutral zone.
12:44 of 3rd period - Snap shot by Pavel Buchnevich.
12:44 of 3rd period - Stopped by Ilya Samsonov with a rebound.
13:04 of 3rd period - Snap shot by Daniel Zaar.
13:04 of 3rd period - Shot Blocked by Mathew Barzal.
13:06 of 3rd period - Backhand shot by Daniel Zaar.
13:06 of 3rd period - Shot Misses the Net.
13:25 of 3rd period - Marcus Pettersson is hit by Anton Slepyshev and loses puck.
13:32 of 3rd period - Snap shot by Kasperi Kapanen.
13:32 of 3rd period - Shot Misses the Net.
13:58 of 3rd period - Marcus Pettersson is hit by Carl Gunnarsson and loses puck.
14:35 of 3rd period - Sonny Milano is hit by Kasperi Kapanen and loses puck.
14:42 of 3rd period - Snap shot by Anton Slepyshev.
14:42 of 3rd period - Stopped by Olivier Roy with a rebound.
14:44 of 3rd period - Slapshot by Anton Slepyshev.
14:44 of 3rd period - Shot Hit the Post.
14:50 of 3rd period - Minor Penalty to Sonny Milano for High sticking.
14:51 of 3rd period - Danny Kristo wins face-off versus Tyler Bozak in Royaux zone.
16:50 of 3rd period - Penalty to Sonny Milano is over, Sonny Milano is back on ice.
16:53 of 3rd period - Wrist shot by Daniel Zaar.
16:53 of 3rd period - Stopped by Olivier Roy with a rebound.
16:55 of 3rd period - Wrist shot by Andrew Mangiapane.
16:55 of 3rd period - Deflect By Louis Leblanc.
16:55 of 3rd period - Shot Misses the Net.
16:55 of 3rd period - Puck is out of play.
16:56 of 3rd period - Louis Leblanc wins face-off versus Adam Gaudette in Royaux zone.
16:57 of 3rd period - Snap shot by Daniel Zaar.
16:57 of 3rd period - Shot Blocked by Jordie Benn.
17:13 of 3rd period - Off-side.
17:14 of 3rd period - Mark Jankowski wins face-off versus Mathew Barzal in neutral zone.
17:26 of 3rd period - Backhand shot by Zac Leslie.
17:26 of 3rd period - Stopped by Olivier Roy without a rebound.
17:27 of 3rd period - Tyler Bozak wins face-off versus Dylan Larkin in Royaux zone.
17:40 of 3rd period - Snap shot by Tyler Bozak.
17:40 of 3rd period - Deflect By Kasperi Kapanen.
17:40 of 3rd period - Shot Blocked by Marcus Pettersson.
17:40 of 3rd period - Puck is out of play.
17:41 of 3rd period - Dylan Larkin wins face-off versus Tyler Bozak in Royaux zone.
17:43 of 3rd period - Minor Penalty to Brandon Pirri for Interference.
17:44 of 3rd period - Tyler Bozak wins face-off versus Danny Kristo in Royaux zone.
19:43 of 3rd period - Penalty to Brandon Pirri is over, Brandon Pirri is back on ice.
19:57 of 3rd period - Wrist shot by Louis Leblanc.
19:57 of 3rd period - Stopped by Olivier Roy with a rebound.
19:59 of 3rd period - Snap shot by Daniel Zaar.
19:59 of 3rd period - Stopped by Olivier Roy with a rebound.
Goals for this period are 1 for Condors vs 1 for Royaux.
Shots for this period are 8 for Condors vs 5 for Royaux.